TOP OF THE 1ST |
Brinkley Belugas batting - Pitching for Lévis Rocks : RHP Jim Unknown
|
Pitching: RHP Jim Unknown
|
|
Batting: RHB Jorge Torrez
|
0-0: Foul Ball, location: 2F 0-1: Foul Ball, location: 2F 0-2: Ball 1-2: Foul Ball, location: 2F 1-2: Ball 2-2: Strikes out swinging
|
Batting: SHB Jim Unknown
|
0-0: SINGLE (Groundball, 34D)
|
Batting: RHB Mark Field
|
0-0: Ball 1-0: Foul Ball, location: 2F 1-1: Ball 2-1: Foul Ball, location: 2F 2-2: Ball 3-2: Strikes out swinging
|
Batting: RHB Bernardino Minotes
|
0-0: Called Strike 0-1: Ball 1-1: Ball 2-1: Ball 3-1: Foul Ball, location: 2F 3-2: DOUBLE (Line Drive, 7LM) Jim Unknown to third Jim Unknown scores
|
Batting: LHB George Wilcox
|
0-0: Ground out 3-1 (Groundball, 34)
|
Top of the 1st over - 1 run(s), 2 hit(s), 0 error(s), 1 left on base; Brinkley 1 - Lévis 0 |
BOTTOM OF THE 1ST |
Lévis Rocks batting - Pitching for Brinkley Belugas : RHP Jim Unknown
|
Pitching: RHP Jim Unknown
|
|
Batting: LHB Edward Carlson
|
0-0: Called Strike 0-1: Ball 1-1: Ball 2-1: Ball 3-1: Called Strike 3-2: Strikes out swinging
|
Batting: RHB Raúl Valadez
|
0-0: Swinging Strike 0-1: Ball 1-1: Ground out 6-3 (Groundball, 6M)
|
Batting: RHB Dan Holliday
|
0-0: Ball 1-0: Ball 2-0: Swinging Strike 2-1: Foul Ball, location: 2F 2-2: Foul Ball, location: 2F 2-2: Foul Ball, location: 2F 2-2: Ball 3-2: Strikes out looking
|
Bottom of the 1st over - 0 run(s), 0 hit(s), 0 error(s), 0 left on base; Brinkley 1 - Lévis 0 |
TOP OF THE 2ND |
Brinkley Belugas batting - Pitching for Lévis Rocks : RHP Jim Unknown
|
Batting: LHB Patrick Larson
|
0-0: Called Strike 0-1: Ball 1-1: Called Strike 1-2: Ball 2-2: Foul Ball, location: 2F 2-2: Ball 3-2: Base on Balls
|
Batting: RHB Dean Strickland
|
0-0: Called Strike 0-1: Ball 1-1: Ball 2-1: Ball 3-1: Called Strike 3-2: SINGLE (Line Drive, 8LS) Patrick Larson to second
|
Batting: RHB Terry Ryals
|
0-0: Ball Single, Error in OF, E8, batter to second base Patrick Larson scores Dean Strickland to third
|
Batting: RHB Juan Díaz
|
0-0: Ball 1-0: Foul Ball, location: 2F 1-1: Ball 2-1: Foul Ball, location: 2F 2-2: SINGLE (Line Drive, 7S) Dean Strickland scores Terry Ryals to third
|
Batting: RHB Jorge Torrez
|
0-0: Foul Ball, location: 2F 0-1: Swinging Strike 0-2: Ball 1-2: Strikes out swinging
|
Batting: SHB Jim Unknown
|
0-0: Ball 1-0: Reached on Error, E7 (Flyball, 78M) Terry Ryals scores Juan Díaz to second
|
Batting: RHB Mark Field
|
0-0: Called Strike 0-1: Ball 1-1: Ball 2-1: DOUBLE (Popup, 8RS) Juan Díaz scores Jim Unknown to third
|
Pitching: LHP Jim Unknown
|
|
Batting: RHB Bernardino Minotes
|
0-0: Ball 1-0: Ball 2-0: Reached on error, E6 (Groundball, 6M) Jim Unknown scores Mark Field to third
|
Batting: LHB George Wilcox
|
0-0: Called Strike 0-1: Ball 1-1: Foul Ball, location: 2F 1-2: Foul Ball, location: 2F 1-2: Ball 2-2: Fly out, F7 (Flyball, 7LSF) Runner from 3rd tags up, SCORES, no throw
|
Batting: LHB Patrick Larson
|
0-0: Fly out, F7 (Line Drive, 7LD)
|
Top of the 2nd over - 6 run(s), 4 hit(s), 3 error(s), 1 left on base; Brinkley 7 - Lévis 0 |
BOTTOM OF THE 2ND |
Lévis Rocks batting - Pitching for Brinkley Belugas : RHP Jim Unknown
|
Batting: RHB Pedro Mendoza
|
0-0: Swinging Strike 0-1: Swinging Strike 0-2: Ball 1-2: Foul Ball, location: 2F 1-2: Strikes out swinging
|
Batting: RHB Ernie McPherson
|
0-0: Called Strike 0-1: Foul Ball, location: 2F 0-2: Foul Ball, location: 2F 0-2: Foul Ball, location: 2F 0-2: DOUBLE (Line Drive, 89M)
|
Batting: SHB Bartolo Fernández
|
0-0: Foul Ball, location: 2F 0-1: Swinging Strike 0-2: Foul Ball, location: 2F 0-2: Ball 1-2: Foul Ball, location: 2F 1-2: Ball 2-2: SINGLE (Line Drive, 9S) Ernie McPherson to third Runner from 3rd tries for Home, SAFE, throw made home Bartolo Fernández to second
|
Batting: RHB Jim Unknown
|
0-0: Called Strike 0-1: Ball 1-1: Ball 2-1: Ball 3-1: Swinging Strike 3-2: Foul Ball, location: 2F 3-2: Strikes out swinging
|
Batting: RHB Nectanebos Dolenian
|
0-0: Ground out 5-3 (Groundball, 5S)
|
Bottom of the 2nd over - 1 run(s), 2 hit(s), 0 error(s), 1 left on base; Brinkley 7 - Lévis 1 |
TOP OF THE 3RD |
Brinkley Belugas batting - Pitching for Lévis Rocks : LHP Jim Unknown
|
Batting: RHB Dean Strickland
|
0-0: Ball 1-0: Foul Ball, location: 2F 1-1: Foul Ball, location: 2F 1-2: Ball 2-2: Foul Ball, location: 2F 2-2: Ball 3-2: Foul Ball, location: 2F 3-2: Base on Balls
|
Batting: RHB Terry Ryals
|
0-0: Ball 1-0: Ball 2-0: Ball 3-0: Called Strike 3-1: Foul Ball, location: 2F 3-2: Fly out, F7 (Flyball, 7LM)
|
Batting: RHB Juan Díaz
|
0-0: Foul Ball, location: 2F 0-1: Swinging Strike 0-2: Foul Ball, location: 2F 0-2: Ball 1-2: SINGLE (Groundball, 56D) Dean Strickland to second
|
Batting: RHB Jorge Torrez
|
0-0: Foul Ball, location: 2F 0-1: Ball 1-1: Foul Ball, location: 2F 1-2: Strikes out swinging
|
Batting: SHB Jim Unknown
|
0-0: Called Strike 0-1: Ball 1-1: Swinging Strike 1-2: Ball 2-2: Strikes out swinging
|
Top of the 3rd over - 0 run(s), 1 hit(s), 0 error(s), 2 left on base; Brinkley 7 - Lévis 1 |
BOTTOM OF THE 3RD |
Lévis Rocks batting - Pitching for Brinkley Belugas : RHP Jim Unknown
|
Batting: RHB Jimmy Allen
|
0-0: Ball 1-0: Ball 2-0: Called Strike 2-1: Foul Ball, location: 2F 2-2: Strikes out looking
|
Batting: LHB Edward Carlson
|
0-0: Ball 1-0: Ball 2-0: Called Strike 2-1: Foul Ball, location: 2F 2-2: Strikes out swinging
|
Batting: RHB Raúl Valadez
|
0-0: Ball 1-0: Ball 2-0: Foul Ball, location: 2F 2-1: Swinging Strike 2-2: Foul Ball, location: 2F 2-2: Foul Ball, location: 2F 2-2: Foul Ball, location: 2F 2-2: Strikes out looking
|
Bottom of the 3rd over - 0 run(s), 0 hit(s), 0 error(s), 0 left on base; Brinkley 7 - Lévis 1 |
TOP OF THE 4TH |
Brinkley Belugas batting - Pitching for Lévis Rocks : LHP Jim Unknown
|
Batting: RHB Mark Field
|
0-0: Called Strike 0-1: Ground out 6-3 (Groundball, 6)
|
Batting: RHB Bernardino Minotes
|
0-0: Called Strike 0-1: Ball 1-1: Fly out, F8 (Flyball, 8RD)
|
Batting: LHB George Wilcox
|
0-0: Ball 1-0: Ball 2-0: Called Strike 2-1: Ball 3-1: Ground out 4-3 (Groundball, 4)
|
Top of the 4th over - 0 run(s), 0 hit(s), 0 error(s), 0 left on base; Brinkley 7 - Lévis 1 |
BOTTOM OF THE 4TH |
Lévis Rocks batting - Pitching for Brinkley Belugas : RHP Jim Unknown
|
Batting: RHB Dan Holliday
|
0-0: Ground out 6-3 (Groundball, 6M)
|
Batting: RHB Pedro Mendoza
|
0-0: Ground out 6-3 (Groundball, 6)
|
Batting: RHB Ernie McPherson
|
0-0: Ball 1-0: Swinging Strike 1-1: Fly out, F9 (Line Drive, 89M)
|
Bottom of the 4th over - 0 run(s), 0 hit(s), 0 error(s), 0 left on base; Brinkley 7 - Lévis 1 |
TOP OF THE 5TH |
Brinkley Belugas batting - Pitching for Lévis Rocks : LHP Jim Unknown
|
Batting: LHB Patrick Larson
|
0-0: Ball 1-0: Called Strike 1-1: Ball 2-1: Ball 3-1: Fly out, F3 (Popup, 13)
|
Batting: RHB Dean Strickland
|
0-0: Called Strike 0-1: Swinging Strike 0-2: Ball 1-2: Foul Ball, location: 2F 1-2: Ball 2-2: Strikes out swinging
|
Batting: RHB Terry Ryals
|
0-0: SINGLE (Groundball, 4D)
|
Batting: RHB Juan Díaz
|
0-0: Foul Ball, location: 2F 0-1: Ball 1-1: Ball 2-1: Ball 3-1: DOUBLE (Groundball, 5L) Terry Ryals to third
|
Batting: RHB Jorge Torrez
|
0-0: Foul Ball, location: 2F 0-1: Ground out 5-3 (Groundball, 5)
|
Top of the 5th over - 0 run(s), 2 hit(s), 0 error(s), 2 left on base; Brinkley 7 - Lévis 1 |
BOTTOM OF THE 5TH |
Lévis Rocks batting - Pitching for Brinkley Belugas : RHP Jim Unknown
|
Batting: SHB Bartolo Fernández
|
0-0: Ball 1-0: Ball 2-0: Fly out, F9 (Flyball, 89M)
|
Batting: RHB Jim Unknown
|
0-0: Called Strike 0-1: Foul Ball, location: 2F 0-2: Ball 1-2: Strikes out swinging
|
Batting: RHB Nectanebos Dolenian
|
0-0: Ball 1-0: Ground out 5-3 (Groundball, 56S)
|
Bottom of the 5th over - 0 run(s), 0 hit(s), 0 error(s), 0 left on base; Brinkley 7 - Lévis 1 |
TOP OF THE 6TH |
Brinkley Belugas batting - Pitching for Lévis Rocks : LHP Jim Unknown
|
Pitching: RHP Aaron Morris
|
|
Batting: SHB Jim Unknown
|
0-0: Ball 1-0: Swinging Strike 1-1: Ball 2-1: Ball 3-1: Foul Ball, location: 2F 3-2: Foul Ball, location: 2F 3-2: Base on Balls
|
Batting: RHB Mark Field
|
0-0: Foul Ball, location: 2F 0-1: Grounds into double play, U4-3 (Groundball, 4)
|
Batting: RHB Bernardino Minotes
|
0-0: Ball 1-0: Ball 2-0: Swinging Strike 2-1: SINGLE (Flyball, 89S)
|
Batting: LHB George Wilcox
|
0-0: Ball 1-0: Swinging Strike 1-1: SINGLE (Groundball, 4MD) Bernardino Minotes to second Runner from 2nd tries for 3rd, SAFE, throw made to third
|
Batting: LHB Patrick Larson
|
0-0: Fly out, F8 (Line Drive, 8LM)
|
Top of the 6th over - 0 run(s), 2 hit(s), 0 error(s), 2 left on base; Brinkley 7 - Lévis 1 |
BOTTOM OF THE 6TH |
Lévis Rocks batting - Pitching for Brinkley Belugas : RHP Jim Unknown
|
Batting: RHB Jimmy Allen
|
0-0: Called Strike 0-1: Called Strike 0-2: Ball 1-2: Foul Ball, location: 2F 1-2: Foul Ball, location: 2F 1-2: SINGLE (Line Drive, 9S)
|
Batting: LHB Edward Carlson
|
0-0: Foul Ball, location: 2F 0-1: Fielders Choice at 2nd, 1-4 (Groundball, 23)
|
Batting: RHB Raúl Valadez
|
0-0: Called Strike Edward Carlson steals 2nd base 0-1: Foul Ball, location: 2F 0-2: Ball 1-2: Strikes out looking
|
Batting: RHB Dan Holliday
|
0-0: Ball 1-0: Called Strike 1-1: Foul Ball, location: 2F 1-2: Ball 2-2: SINGLE (Line Drive, 8RS) Edward Carlson to third Runner from 3rd tries for Home, SAFE, no throw or cutoff
|
Batting: RHB Pedro Mendoza
|
0-0: Ball Wild Pitch! Dan Holliday to second 1-0: SINGLE (Line Drive, 7LS) Dan Holliday to third Runner from 3rd tries for Home, SAFE, no throw or cutoff
|
Batting: RHB Ernie McPherson
|
0-0: Called Strike 0-1: SINGLE (Groundball, 56) Pedro Mendoza to second
|
Batting: SHB Bartolo Fernández
|
0-0: Ball 1-0: Foul Ball, location: 2F 1-1: Ball 2-1: SINGLE (Line Drive, 6MD) Pedro Mendoza to third Ernie McPherson to second Runner from 3rd tries for Home, throw and OUT!
|
Bottom of the 6th over - 2 run(s), 5 hit(s), 0 error(s), 2 left on base; Brinkley 7 - Lévis 3 |
TOP OF THE 7TH |
Brinkley Belugas batting - Pitching for Lévis Rocks : RHP Aaron Morris
|
Batting: RHB Dean Strickland
|
0-0: DOUBLE (Groundball, 5L)
|
Batting: RHB Terry Ryals
|
0-0: Intentional Walk
|
Batting: RHB Juan Díaz
|
0-0: Ball 1-0: Foul Ball, location: 2F 1-1: Called Strike 1-2: DOUBLE (Flyball, 9LM) Dean Strickland scores Terry Ryals to third
|
Batting: RHB Jorge Torrez
|
0-0: Ball 1-0: Ball 2-0: Foul Ball, location: 2F 2-1: Foul Ball, location: 2F 2-2: Fly out, F7 (Flyball, 7M) Runner from 3rd tags up, SCORES, throw made
|
Pitching: RHP Jim Unknown
|
|
Batting: SHB Jim Unknown
|
0-0: Foul Ball, location: 2F 0-1: Foul Ball, location: 2F 0-2: Ball 1-2: Strikes out swinging
|
Batting: RHB Mark Field
|
0-0: Ball 1-0: Foul Ball, location: 2F 1-1: Ground out 6-3 (Groundball, 6)
|
Top of the 7th over - 2 run(s), 2 hit(s), 0 error(s), 1 left on base; Brinkley 9 - Lévis 3 |
BOTTOM OF THE 7TH |
Lévis Rocks batting - Pitching for Brinkley Belugas : RHP Jim Unknown
|
Batting: RHB Jim Unknown
|
0-0: Called Strike 0-1: Ground out 5-3 (Groundball, 5)
|
Batting: RHB Nectanebos Dolenian
|
0-0: Foul Ball, location: 2F 0-1: DOUBLE (Line Drive, 9D)
|
Pitching: RHP José Huerta
|
|
Batting: RHB Jimmy Allen
|
0-0: Called Strike 0-1: Ball 1-1: 2-RUN HOME RUN (Flyball, 78XD), Distance : 383 ft
|
Batting: LHB Edward Carlson
|
0-0: Ball 1-0: Swinging Strike 1-1: Called Strike 1-2: Strikes out swinging
|
Batting: RHB Raúl Valadez
|
0-0: Ball 1-0: Foul Ball, location: 2F 1-1: Swinging Strike 1-2: Strikes out swinging
|
Bottom of the 7th over - 2 run(s), 2 hit(s), 0 error(s), 0 left on base; Brinkley 9 - Lévis 5 |
TOP OF THE 8TH |
Brinkley Belugas batting - Pitching for Lévis Rocks : RHP Jim Unknown
|
Batting: RHB Bernardino Minotes
|
0-0: Called Strike 0-1: Fly out, F8 (Flyball, 8LXD)
|
Batting: LHB George Wilcox
|
0-0: Ground out 3-1 (Groundball, 34)
|
Batting: LHB Patrick Larson
|
0-0: Called Strike 0-1: Foul Ball, location: 2F 0-2: Fly out, F9 (Flyball, 9LMF)
|
Top of the 8th over - 0 run(s), 0 hit(s), 0 error(s), 0 left on base; Brinkley 9 - Lévis 5 |
BOTTOM OF THE 8TH |
Lévis Rocks batting - Pitching for Brinkley Belugas : RHP José Huerta
|
Batting: RHB Dan Holliday
|
0-0: Ball 1-0: Ground out 4-3 (Groundball, 4)
|
Batting: RHB Pedro Mendoza
|
0-0: Swinging Strike 0-1: Foul Ball, location: 2F 0-2: Foul Ball, location: 2F 0-2: Strikes out swinging
|
Batting: RHB Ernie McPherson
|
0-0: Ball 1-0: Ball 2-0: Swinging Strike 2-1: Swinging Strike 2-2: SINGLE (Groundball, 15S) (infield hit)
|
Pitching: RHP Lou Lowry
|
|
Batting: SHB Bartolo Fernández
|
0-0: SINGLE (Line Drive, 5L) Ernie McPherson to second
|
Batting: RHB Jim Unknown
|
0-0: Swinging Strike 0-1: Called Strike 0-2: Ball 1-2: Strikes out swinging
|
Bottom of the 8th over - 0 run(s), 2 hit(s), 0 error(s), 2 left on base; Brinkley 9 - Lévis 5 |
TOP OF THE 9TH |
Brinkley Belugas batting - Pitching for Lévis Rocks : RHP Jim Unknown
|
Pitching: LHP Jim Unknown
|
|
Batting: RHB Dean Strickland
|
0-0: Foul Ball, location: 2F 0-1: Called Strike 0-2: Strikes out swinging
|
Batting: RHB Terry Ryals
|
0-0: Called Strike 0-1: Fly out, F7 (Flyball, 7M)
|
Batting: RHB Juan Díaz
|
0-0: Ball 1-0: DOUBLE (Groundball, 3L)
|
Batting: RHB Jorge Torrez
|
0-0: Ball 1-0: 2-RUN HOME RUN (Flyball, 8LXD), Distance : 425 ft
|
Pitching: RHP Jim Unknown
|
|
Batting: SHB Jim Unknown
|
0-0: Called Strike 0-1: SINGLE (Line Drive, 8LS)
|
Batting: RHB Mark Field
|
0-0: Called Strike 0-1: Ball 1-1: Called Strike 1-2: Strikes out swinging
|
Top of the 9th over - 2 run(s), 3 hit(s), 0 error(s), 1 left on base; Brinkley 11 - Lévis 5 |
BOTTOM OF THE 9TH |
Lévis Rocks batting - Pitching for Brinkley Belugas : RHP Lou Lowry
|
Batting: RHB Nectanebos Dolenian
|
0-0: Ball 1-0: Foul Ball, location: 2F 1-1: Fly out, F8 (Flyball, 8LM)
|
Batting: RHB Jimmy Allen
|
0-0: SOLO HOME RUN (Line Drive, 7D), Distance : 375 ft
|
Batting: LHB Edward Carlson
|
0-0: Fly out, F4 (Popup, 4M)
|
Batting: RHB Raúl Valadez
|
0-0: Ball 1-0: Foul Ball, location: 2F 1-1: SOLO HOME RUN (Flyball, 7D), Distance : 365 ft
|
Batting: RHB Dan Holliday
|
0-0: Ball 1-0: SINGLE (Line Drive, 9S)
|
Batting: RHB Pedro Mendoza
|
0-0: Foul Ball, location: 2F 0-1: Swinging Strike 0-2: Strikes out looking
|
Bottom of the 9th over - 2 run(s), 3 hit(s), 0 error(s), 1 left on base; Brinkley 11 - Lévis 7 |
|